2770 views
Uploaded 2019-12-08 20:11:09
Game version 1.32.0.3 / 1.32.0.3.1
31:02 long 3on3 ladder game on (6)Monsoon_LV
Saved by BEARAND
2770 views
Uploaded 2019-12-08 20:11:09
Game version 1.32.0.3 / 1.32.0.3.1
31:02 long 3on3 ladder game on (6)Monsoon_LV


168 units @ 25k
/ 3.5k
64 buildings @ 9.4k
/ 4.2k


| Orb of Venom | 2 | 650 |
| total: | 2 | 650g |
| Wisp | 21 | 1260 | / | 0 |
| Archer | 28 | 3640 | / | 280 |
| Dryad | 6 | 870 | / | 360 |
| Druid of the Claw | 8 | 2040 | / | 640 |
| Mountain Giant | 1 | 350 | / | 100 |
| Chimaera | 1 | 330 | / | 70 |
| Huntress | 1 | 195 | / | 20 |
| Glaive Thrower | 1 | 210 | / | 65 |
| total: | 67 | 8895g | / | 1535w |
| Ancient Protector | 1 | 135 | / | 80 |
| Altar of Elders | 1 | 180 | / | 50 |
| Moon Well | 7 | 1260 | / | 280 |
| Hunter's Hall | 2 | 420 | / | 200 |
| Ancient of War | 2 | 300 | / | 120 |
| Ancient of Wonders | 1 | 90 | / | 30 |
| Tree of Life | 1 | 340 | / | 185 |
| Ancient of Lore | 3 | 465 | / | 435 |
| Chimaera Roost | 2 | 280 | / | 380 |
| Tree of Ages | 1 | 320 | / | 180 |
| Tree of Eternity | 2 | 660 | / | 400 |
| total: | 20 | 3470g | / | 1760w |
| 0:08 | Altar of Elders |
| 0:17 | Moon Well |
| 0:21 | Wisp |
| 0:21 | Wisp |
| 0:51 | Wisp |
| 0:51 | Wisp |
| 0:55 | Wisp |
| 1:32 | Hunter's Hall |
| 1:39 | Hunter's Hall |
| 1:49 | Wisp |
| 2:09 | Force of Nature |
| 2:18 | Wisp |
| 2:39 | Moon Well |
| 2:44 | Ancient of War |
| 3:13 | Strength of the Moon |
| 3:48 | Archer |
| 3:48 | Archer |
| 3:48 | Archer |
| 4:03 | Moon Well |
| 4:08 | Tree of Ages |
| 4:19 | Moon Armor |
| 5:10 | Thorns Aura |
| 5:19 | Ancient of Wonders |
| 5:22 | Archer |
| 5:22 | Archer |
| 5:24 | Sentinel |
| 6:01 | Archer |
| 6:30 | Improved Strength of the Moon |
| 6:30 | Improved Moon Armor |
| 6:32 | Wisp |
| 6:32 | Wisp |
| 6:32 | Wisp |
| 6:35 | Wisp |
| 6:35 | Wisp |
| 7:34 | Archer |
| 7:34 | Archer |
| 7:35 | Archer |
| 7:35 | Archer |
| 7:35 | Improved Bows |
| 7:38 | Archer |
| 7:38 | Archer |
| 7:38 | Archer |
| 7:39 | Archer |
| 8:02 | Moon Well |
| 8:05 | Moon Well |
| 8:06 | Moon Well |
| 8:09 | Moon Well |
| 8:39 | Force of Nature |
| 9:04 | Mana Burn |
| 11:37 | Evasion |
| 12:32 | Archer |
| 12:32 | Archer |
| 12:32 | Archer |
| 12:33 | Archer |
| 12:45 | Archer |
| 12:45 | Archer |
| 12:45 | Archer |
| 13:06 | Tree of Eternity |
| 13:12 | Ancient of War |
| 13:16 | Archer |
| 13:16 | Archer |
| 14:18 | Archer |
| 14:19 | Archer |
| 14:19 | Archer |
| 14:19 | Archer |
| 14:20 | Archer |
| 15:28 | Advanced Strength of the Moon |
| 15:28 | Advanced Moon Armor |
| 15:32 | Wisp |
| 15:32 | Wisp |
| 15:54 | Ancient of Lore |
| 16:07 | Orb of Venom |
| 16:41 | Chimaera Roost |
| 17:06 | Ancient of Lore |
| 17:11 | Ancient Protector |
| 17:39 | Wisp |
| 17:58 | Tree of Life |
| 18:14 | Abolish Magic |
| 18:15 | Druid of the Claw Adept Training |
| 18:22 | Resistant Skin |
| 18:26 | Hardened Skin |
| 19:25 | Strength of the Wild |
| 19:25 | Reinforced Hides |
| 19:36 | Ultravision |
| 19:37 | Well Spring |
| 20:12 | Wisp |
| 20:12 | Wisp |
| 20:12 | Wisp |
| 20:14 | Wisp |
| 20:14 | Wisp |
| 20:26 | Marksmanship |
| 21:05 | Druid of the Claw Master Training |
| 21:08 | Improved Strength of the Wild |
| 21:12 | Wisp |
| 22:57 | Mark of the Claw |
| 23:00 | Dryad |
| 23:00 | Dryad |
| 23:00 | Dryad |
| 23:00 | Dryad |
| 23:00 | Dryad |
| 23:00 | Dryad |
| 23:08 | Druid of the Claw |
| 23:08 | Druid of the Claw |
| 23:08 | Druid of the Claw |
| 23:09 | Druid of the Claw |
| 23:09 | Druid of the Claw |
| 23:40 | Ancient of Lore |
| 23:52 | Druid of the Claw |
| 23:52 | Druid of the Claw |
| 23:53 | Druid of the Claw |
| 25:35 | Advanced Strength of the Wild |
| 25:36 | Improved Reinforced Hides |
| 27:42 | Mountain Giant |
| 27:53 | Chimaera Roost |
| 28:29 | Nature's Blessing |
| 29:20 | Chimaera |
| 29:49 | Huntress |
| 29:51 | Glaive Thrower |
| 30:10 | Orb of Venom |
| 30:20 | Advanced Reinforced Hides |
| Right click | 869 |
| Select | 459 |
| Build/train/purchase | 121 |
| Chat | 78 |
| Use ability | 29 |
| Misc. action | 27 |
| Remove unit | 7 |
| Item give/drop | 3 |
| Esc | 2 |


| Rod of Necromancy | 1 | 150 |
| Potion of Healing | 1 | 150 |
| total: | 2 | 300g |
| Acolyte | 9 | 675 | / | 0 |
| Ghoul | 6 | 720 | / | 0 |
| Crypt Fiend | 10 | 2150 | / | 400 |
| Obsidian Statue | 4 | 800 | / | 140 |
| Frost Wyrm | 2 | 770 | / | 240 |
| total: | 31 | 5115g | / | 780w |
| Nerubian Tower | 1 | 100 | / | 20 |
| Spirit Tower | 3 | 435 | / | 120 |
| Altar of Darkness | 1 | 180 | / | 50 |
| Crypt | 2 | 400 | / | 100 |
| Ziggurat | 11 | 1650 | / | 550 |
| Tomb of Relics | 1 | 130 | / | 30 |
| Graveyard | 1 | 215 | / | 0 |
| Necropolis | 1 | 225 | / | 0 |
| Slaughterhouse | 1 | 140 | / | 135 |
| Sacrificial Pit | 1 | 75 | / | 150 |
| Boneyard | 3 | 525 | / | 600 |
| Halls of the Dead | 1 | 320 | / | 210 |
| Black Citadel | 1 | 325 | / | 230 |
| total: | 22 | 3540g | / | 1615w |
| 0:10 | Altar of Darkness |
| 0:14 | Crypt |
| 0:20 | Acolyte |
| 0:20 | Acolyte |
| 0:39 | Acolyte |
| 0:49 | Ziggurat |
| 1:19 | Tomb of Relics |
| 1:28 | Ghoul |
| 1:29 | Ghoul |
| 1:40 | Ziggurat |
| 1:52 | Ghoul |
| 2:15 | Graveyard |
| 2:41 | Rod of Necromancy |
| 2:45 | Ghoul |
| 3:09 | Death Coil |
| 3:59 | Crypt |
| 4:01 | Halls of the Dead |
| 4:06 | Creature Attack |
| 4:17 | Ghoul |
| 4:17 | Ghoul |
| 5:27 | Crypt Fiend |
| 5:27 | Crypt Fiend |
| 5:52 | Unholy Aura |
| 6:57 | Death Coil |
| 7:07 | Crypt Fiend |
| 7:07 | Crypt Fiend |
| 7:07 | Crypt Fiend |
| 7:10 | Ziggurat |
| 7:12 | Ziggurat |
| 7:13 | Ziggurat |
| 7:19 | Nerubian Tower |
| 7:30 | Potion of Healing |
| 9:12 | Frost Nova |
| 9:17 | Crypt Fiend |
| 9:17 | Crypt Fiend |
| 11:30 | Unholy Aura |
| 12:06 | Improved Creature Attack |
| 12:09 | Creature Carapace |
| 12:11 | Web |
| 12:12 | Crypt Fiend |
| 12:12 | Crypt Fiend |
| 12:13 | Crypt Fiend |
| 13:16 | Black Citadel |
| 13:40 | Slaughterhouse |
| 14:28 | Improved Creature Carapace |
| 15:06 | Necropolis |
| 15:36 | Acolyte |
| 15:37 | Acolyte |
| 16:15 | Obsidian Statue |
| 16:15 | Obsidian Statue |
| 16:32 | Obsidian Statue |
| 16:44 | Acolyte |
| 16:50 | Acolyte |
| 16:50 | Acolyte |
| 17:00 | Acolyte |
| 17:13 | Ziggurat |
| 17:17 | Ziggurat |
| 17:38 | Advanced Creature Attack |
| 17:53 | Ziggurat |
| 17:58 | Ziggurat |
| 18:18 | Advanced Creature Carapace |
| 18:29 | Destroyer Form |
| 19:26 | Obsidian Statue |
| 19:40 | Sacrificial Pit |
| 22:52 | Dark Ritual |
| 24:56 | Boneyard |
| 24:58 | Boneyard |
| 25:01 | Boneyard |
| 25:08 | Spirit Tower |
| 25:55 | Ziggurat |
| 25:56 | Ziggurat |
| 26:16 | Frost Wyrm |
| 26:16 | Frost Wyrm |
| 26:50 | Spirit Tower |
| 28:52 | Spirit Tower |
| Right click | 1372 |
| Select | 374 |
| Build/train/purchase | 73 |
| Misc. action | 52 |
| Chat | 33 |
| Use ability | 30 |
| Item give/drop | 5 |



| Peasant | 22 | 1650 | / | 0 |
| Footman | 7 | 945 | / | 0 |
| Rifleman | 41 | 8405 | / | 1230 |
| total: | 70 | 11000g | / | 1230w |
| Scout Tower | 2 | 60 | / | 40 |
| Arcane Tower | 1 | 70 | / | 50 |
| Altar of Kings | 2 | 360 | / | 100 |
| Barracks | 1 | 160 | / | 60 |
| Farm | 14 | 1120 | / | 280 |
| Blacksmith | 1 | 140 | / | 60 |
| Arcane Vault | 1 | 130 | / | 30 |
| Town Hall | 1 | 385 | / | 205 |
| Keep | 1 | 320 | / | 210 |
| Castle | 1 | 360 | / | 210 |
| total: | 22 | 2355g | / | 775w |
| 0:10 | Altar of Kings |
| 0:32 | Peasant |
| 0:33 | Peasant |
| 0:33 | Peasant |
| 0:33 | Peasant |
| 1:01 | Barracks |
| 1:10 | Farm |
| 1:13 | Peasant |
| 1:13 | Peasant |
| 1:21 | Farm |
| 2:07 | Farm |
| 2:11 | Footman |
| 2:34 | Scout Tower |
| 3:09 | Summon Water Elemental |
| 3:13 | Arcane Tower |
| 4:02 | Blacksmith |
| 5:01 | Footman |
| 5:02 | Footman |
| 5:02 | Footman |
| 5:02 | Footman |
| 5:03 | Footman |
| 5:05 | Footman |
| 5:29 | Arcane Vault |
| 5:48 | Farm |
| 5:53 | Farm |
| 5:56 | Farm |
| 6:16 | Keep |
| 6:25 | Rifleman |
| 6:26 | Rifleman |
| 6:27 | Rifleman |
| 7:02 | Rifleman |
| 7:51 | Brilliance Aura |
| 9:28 | Rifleman |
| 9:29 | Rifleman |
| 9:29 | Rifleman |
| 9:29 | Rifleman |
| 9:30 | Rifleman |
| 10:42 | Black Gunpowder |
| 10:45 | Rifleman |
| 10:45 | Rifleman |
| 10:46 | Rifleman |
| 11:12 | Brilliance Aura |
| 11:26 | Thunder Clap |
| 13:39 | Farm |
| 13:41 | Farm |
| 13:42 | Farm |
| 13:47 | Farm |
| 13:48 | Farm |
| 13:51 | Farm |
| 13:54 | Farm |
| 13:55 | Farm |
| 14:28 | Rifleman |
| 14:30 | Rifleman |
| 14:31 | Rifleman |
| 14:31 | Rifleman |
| 14:31 | Rifleman |
| 14:31 | Rifleman |
| 14:32 | Rifleman |
| 14:43 | Castle |
| 14:48 | Refined Gunpowder |
| 14:50 | Studded Leather Armor |
| 14:51 | Iron Plating |
| 14:51 | Iron Forged Swords |
| 15:45 | Rifleman |
| 15:45 | Rifleman |
| 16:54 | Scout Tower |
| 17:42 | Rifleman |
| 17:42 | Rifleman |
| 18:32 | Town Hall |
| 19:16 | Siphon Mana |
| 22:27 | Rifleman |
| 22:27 | Rifleman |
| 22:27 | Rifleman |
| 22:27 | Rifleman |
| 22:27 | Rifleman |
| 22:27 | Rifleman |
| 22:27 | Rifleman |
| 25:17 | Peasant |
| 25:17 | Peasant |
| 25:17 | Peasant |
| 25:18 | Peasant |
| 25:22 | Peasant |
| 25:23 | Peasant |
| 25:29 | Rifleman |
| 25:29 | Rifleman |
| 25:29 | Rifleman |
| 25:29 | Rifleman |
| 25:29 | Rifleman |
| 25:29 | Rifleman |
| 26:10 | Altar of Kings |
| 26:22 | Rifleman |
| 26:23 | Rifleman |
| 26:23 | Rifleman |
| 27:40 | Peasant |
| 29:52 | Peasant |
| 29:52 | Peasant |
| 29:53 | Peasant |
| 29:53 | Peasant |
| 30:04 | Rifleman |
| 30:04 | Rifleman |
| 30:10 | Peasant |
| 30:11 | Peasant |
| 30:11 | Peasant |
| 30:13 | Peasant |
| 30:13 | Peasant |
| Right click | 1126 |
| Select | 292 |
| Build/train/purchase | 114 |
| Chat | 84 |
| Use ability | 9 |
| Remove unit | 4 |
| Misc. action | 1 |
| Esc | 1 |
66 units @ 6.1k
/ 0.4k
223 buildings @ 16k
/ 9.6k



| Lesser Clarity Potion | 1 | 70 |
| Potion of Healing | 1 | 150 |
| Staff of Sanctuary | 3 | 750 |
| Staff of Teleportation | 3 | 450 |
| Boots of Speed | 3 | 750 |
| Periapt of Vitality | 1 | 325 |
| Healing Salve | 1 | 100 |
| Orb of Lightning | 2 | 750 |
| total: | 15 | 3345g |
| Peasant | 16 | 1200 | / | 0 |
| Priest | 2 | 270 | / | 20 |
| Dragonhawk Rider | 4 | 800 | / | 120 |
| total: | 22 | 2270g | / | 140w |
| Scout Tower | 63 | 1890 | / | 1260 |
| Arcane Tower | 6 | 420 | / | 300 |
| Guard Tower | 18 | 1260 | / | 900 |
| Altar of Kings | 1 | 180 | / | 50 |
| Farm | 5 | 400 | / | 100 |
| Lumber Mill | 1 | 120 | / | 0 |
| Arcane Vault | 3 | 390 | / | 90 |
| Town Hall | 1 | 385 | / | 205 |
| Blacksmith | 1 | 140 | / | 60 |
| Barracks | 1 | 160 | / | 60 |
| Arcane Sanctum | 1 | 150 | / | 140 |
| Gryphon Aviary | 2 | 280 | / | 300 |
| Keep | 1 | 320 | / | 210 |
| Castle | 1 | 360 | / | 210 |
| total: | 79 | 4095g | / | 2265w |
| 0:01 | Peasant |
| 0:01 | Peasant |
| 0:01 | Peasant |
| 0:09 | Altar of Kings |
| 0:17 | Farm |
| 0:26 | Peasant |
| 0:37 | Peasant |
| 0:40 | Farm |
| 0:49 | Lumber Mill |
| 1:04 | Peasant |
| 1:17 | Peasant |
| 1:25 | Scout Tower |
| 1:35 | Scout Tower |
| 1:37 | Peasant |
| 1:38 | Peasant |
| 1:38 | Peasant |
| 1:52 | Arcane Tower |
| 1:53 | Scout Tower |
| 1:55 | Peasant |
| 2:02 | Scout Tower |
| 2:09 | Summon Water Elemental |
| 2:11 | Guard Tower |
| 2:17 | Peasant |
| 2:18 | Peasant |
| 2:22 | Guard Tower |
| 2:28 | Scout Tower |
| 2:40 | Scout Tower |
| 2:50 | Peasant |
| 3:08 | Guard Tower |
| 3:10 | Scout Tower |
| 3:14 | Scout Tower |
| 3:15 | Peasant |
| 3:42 | Guard Tower |
| 3:43 | Scout Tower |
| 4:13 | Guard Tower |
| 4:15 | Scout Tower |
| 4:15 | Scout Tower |
| 4:16 | Keep |
| 4:18 | Scout Tower |
| 4:31 | Improved Masonry |
| 4:36 | Staff of Teleportation |
| 4:44 | Boots of Speed |
| 5:35 | Guard Tower |
| 5:38 | Scout Tower |
| 5:39 | Scout Tower |
| 5:40 | Scout Tower |
| 5:40 | Scout Tower |
| 5:41 | Scout Tower |
| 5:43 | Farm |
| 5:43 | Advanced Masonry |
| 5:53 | Healing Salve |
| 5:59 | Lesser Clarity Potion |
| 7:15 | Brilliance Aura |
| 7:20 | Guard Tower |
| 7:26 | Peasant |
| 7:45 | Storm Bolt |
| 7:57 | Castle |
| 8:57 | Farm |
| 8:58 | Farm |
| 9:00 | Scout Tower |
| 9:17 | Boots of Speed |
| 9:17 | Staff of Teleportation |
| 9:54 | Guard Tower |
| 9:57 | Scout Tower |
| 10:29 | Imbued Masonry |
| 10:32 | Arcane Sanctum |
| 10:53 | Summon Water Elemental |
| 10:58 | Bash |
| 11:14 | Guard Tower |
| 11:17 | Scout Tower |
| 11:18 | Scout Tower |
| 11:19 | Scout Tower |
| 11:20 | Scout Tower |
| 11:20 | Scout Tower |
| 11:20 | Scout Tower |
| 11:38 | Holy Light |
| 12:53 | Boots of Speed |
| 12:54 | Periapt of Vitality |
| 13:07 | Guard Tower |
| 13:10 | Magic Sentry |
| 13:10 | Priest |
| 13:13 | Arcane Vault |
| 13:15 | Arcane Vault |
| 13:29 | Arcane Tower |
| 13:41 | Potion of Healing |
| 14:00 | Arcane Tower |
| 14:06 | Scout Tower |
| 14:17 | Storm Bolt |
| 14:25 | Town Hall |
| 14:33 | Divine Shield |
| 14:44 | Orb of Lightning |
| 15:00 | Priest |
| 15:38 | Staff of Sanctuary |
| 15:49 | Arcane Vault |
| 16:02 | Scout Tower |
| 16:03 | Scout Tower |
| 16:06 | Staff of Sanctuary |
| 16:19 | Scout Tower |
| 16:19 | Scout Tower |
| 16:20 | Scout Tower |
| 16:21 | Scout Tower |
| 16:21 | Scout Tower |
| 16:22 | Guard Tower |
| 16:43 | Arcane Tower |
| 16:45 | Scout Tower |
| 16:45 | Scout Tower |
| 16:48 | Scout Tower |
| 16:49 | Scout Tower |
| 16:49 | Scout Tower |
| 16:50 | Scout Tower |
| 16:50 | Scout Tower |
| 16:51 | Scout Tower |
| 16:51 | Scout Tower |
| 16:56 | Scout Tower |
| 16:57 | Scout Tower |
| 16:58 | Scout Tower |
| 17:03 | Guard Tower |
| 17:09 | Gryphon Aviary |
| 17:09 | Blacksmith |
| 17:11 | Barracks |
| 17:13 | Gryphon Aviary |
| 17:28 | Orb of Lightning |
| 17:50 | Staff of Sanctuary |
| 17:56 | Guard Tower |
| 18:06 | Staff of Teleportation |
| 18:30 | Arcane Tower |
| 18:37 | Dragonhawk Rider |
| 18:37 | Dragonhawk Rider |
| 19:16 | Dragonhawk Rider |
| 19:17 | Guard Tower |
| 19:19 | Scout Tower |
| 19:19 | Scout Tower |
| 19:20 | Scout Tower |
| 19:21 | Scout Tower |
| 19:21 | Scout Tower |
| 19:23 | Guard Tower |
| 19:45 | Studded Leather Armor |
| 20:42 | Guard Tower |
| 21:07 | Guard Tower |
| 21:44 | Brilliance Aura |
| 23:29 | Holy Light |
| 24:27 | Bash |
| 25:43 | Dragonhawk Rider |
| 25:44 | Iron Forged Swords |
| 25:44 | Reinforced Leather Armor |
| 25:46 | Cloud |
| 25:47 | Animal War Training |
| 25:54 | Scout Tower |
| 25:54 | Scout Tower |
| 25:54 | Scout Tower |
| 25:55 | Scout Tower |
| 25:56 | Scout Tower |
| 25:56 | Scout Tower |
| 25:56 | Scout Tower |
| 25:57 | Scout Tower |
| 25:58 | Guard Tower |
| 26:00 | Scout Tower |
| 26:00 | Scout Tower |
| 26:11 | Scout Tower |
| 26:12 | Scout Tower |
| 26:12 | Scout Tower |
| 27:21 | Brilliance Aura |
| 28:09 | Divine Shield |
| Right click | 2761 |
| Select | 612 |
| Select group | 573 |
| Build/train/purchase | 218 |
| Chat | 147 |
| Use ability | 78 |
| Assign group | 34 |
| Misc. action | 28 |
| Item give/drop | 7 |
| Minimap ping | 5 |
| Remove unit | 2 |



| Healing Salve | 1 | 100 |
| Orb of Lightning | 1 | 375 |
| Boots of Speed | 3 | 750 |
| Staff of Teleportation | 3 | 450 |
| Circlet of Nobility | 1 | 175 |
| Staff of Sanctuary | 2 | 500 |
| Orb of Fire | 1 | 325 |
| total: | 12 | 2675g |
| Peon | 18 | 1350 | / | 0 |
| Troll Batrider | 6 | 960 | / | 240 |
| total: | 24 | 2310g | / | 240w |
| Watch Tower | 57 | 6270 | / | 4560 |
| Altar of Storms | 1 | 180 | / | 50 |
| Orc Burrow | 3 | 480 | / | 120 |
| War Mill | 1 | 205 | / | 0 |
| Voodoo Lounge | 4 | 520 | / | 120 |
| Great Hall | 2 | 770 | / | 370 |
| Beastiary | 2 | 290 | / | 280 |
| Stronghold | 1 | 315 | / | 190 |
| Fortress | 1 | 325 | / | 190 |
| total: | 70 | 8715g | / | 5500w |
| 0:03 | Peon |
| 0:03 | Peon |
| 0:07 | Altar of Storms |
| 0:20 | Orc Burrow |
| 0:35 | War Mill |
| 0:36 | Peon |
| 0:47 | Peon |
| 0:56 | Peon |
| 1:12 | Voodoo Lounge |
| 1:18 | Peon |
| 1:27 | Peon |
| 1:44 | Orc Burrow |
| 1:53 | Peon |
| 2:03 | Watch Tower |
| 2:08 | Peon |
| 2:20 | Shockwave |
| 2:31 | Peon |
| 2:36 | Watch Tower |
| 2:39 | Peon |
| 2:49 | Peon |
| 3:06 | Watch Tower |
| 3:11 | Peon |
| 3:11 | Peon |
| 3:40 | Watch Tower |
| 4:10 | Watch Tower |
| 4:18 | Stronghold |
| 4:26 | Voodoo Lounge |
| 4:28 | Voodoo Lounge |
| 4:42 | Watch Tower |
| 4:46 | Watch Tower |
| 4:57 | Boots of Speed |
| 5:15 | Watch Tower |
| 5:45 | Watch Tower |
| 5:50 | Watch Tower |
| 5:55 | Healing Salve |
| 6:24 | Watch Tower |
| 6:48 | Watch Tower |
| 6:50 | Spiked Barricades |
| 7:19 | Endurance Aura |
| 7:21 | Watch Tower |
| 7:24 | Voodoo Lounge |
| 7:31 | Watch Tower |
| 7:38 | Hex |
| 7:42 | Watch Tower |
| 7:57 | Great Hall |
| 8:22 | Boots of Speed |
| 8:52 | Watch Tower |
| 8:53 | Watch Tower |
| 9:10 | Fortress |
| 9:54 | Watch Tower |
| 9:56 | Watch Tower |
| 10:22 | Healing Wave |
| 10:31 | Peon |
| 10:31 | Peon |
| 10:31 | Peon |
| 10:31 | Peon |
| 10:50 | Improved Spiked Barricades |
| 10:51 | Reinforced Defenses |
| 10:54 | Shockwave |
| 11:00 | Watch Tower |
| 11:01 | Watch Tower |
| 11:14 | Pillage |
| 11:41 | Staff of Teleportation |
| 12:23 | Watch Tower |
| 12:24 | Watch Tower |
| 12:44 | Healing Wave |
| 13:09 | Watch Tower |
| 13:23 | Frost Arrows |
| 13:27 | Watch Tower |
| 13:32 | Watch Tower |
| 13:38 | Staff of Teleportation |
| 13:46 | Boots of Speed |
| 13:46 | Circlet of Nobility |
| 14:15 | Watch Tower |
| 14:33 | Watch Tower |
| 14:49 | Watch Tower |
| 15:01 | Orb of Lightning |
| 15:20 | Watch Tower |
| 15:35 | Orc Burrow |
| 15:38 | Beastiary |
| 15:41 | Beastiary |
| 15:49 | Watch Tower |
| 16:01 | Watch Tower |
| 16:23 | Watch Tower |
| 16:28 | Staff of Teleportation |
| 16:46 | Liquid Fire |
| 16:54 | Watch Tower |
| 16:58 | Watch Tower |
| 17:07 | Staff of Sanctuary |
| 17:09 | Orb of Fire |
| 17:15 | Watch Tower |
| 17:29 | Watch Tower |
| 17:31 | Steel Ranged Weapons |
| 18:02 | Watch Tower |
| 18:19 | Watch Tower |
| 18:40 | Watch Tower |
| 18:41 | Watch Tower |
| 19:17 | Watch Tower |
| 19:33 | Watch Tower |
| 19:37 | Troll Batrider |
| 19:38 | Troll Batrider |
| 19:46 | Staff of Sanctuary |
| 19:57 | Watch Tower |
| 20:03 | Watch Tower |
| 20:50 | Troll Batrider |
| 20:54 | Watch Tower |
| 21:34 | Endurance Aura |
| 21:40 | Forked Lightning |
| 21:59 | Watch Tower |
| 23:26 | Watch Tower |
| 24:00 | Hex |
| 24:33 | Frost Arrows |
| 24:41 | Watch Tower |
| 25:50 | Watch Tower |
| 25:56 | Watch Tower |
| 27:16 | Shockwave |
| 27:30 | Watch Tower |
| 27:31 | Watch Tower |
| 28:18 | Troll Batrider |
| 28:18 | Troll Batrider |
| 28:18 | Troll Batrider |
| 28:23 | Great Hall |
| 28:34 | Watch Tower |
| 28:35 | Watch Tower |
| 30:13 | Forked Lightning |
| 30:17 | Watch Tower |
| 30:19 | Watch Tower |
| Right click | 2030 |
| Select | 545 |
| Select group | 512 |
| Misc. action | 161 |
| Chat | 97 |
| Use ability | 80 |
| Build/train/purchase | 65 |
| Assign group | 5 |
| Item give/drop | 4 |
| Esc | 3 |
| Remove unit | 1 |



| Staff of Sanctuary | 3 | 750 |
| Staff of Teleportation | 3 | 450 |
| Boots of Speed | 2 | 500 |
| Periapt of Vitality | 1 | 325 |
| Circlet of Nobility | 1 | 175 |
| Healing Salve | 1 | 100 |
| Orb of Lightning | 2 | 750 |
| total: | 13 | 3050g |
| Peasant | 19 | 1425 | / | 0 |
| Priest | 1 | 135 | / | 10 |
| total: | 20 | 1560g | / | 10w |
| Scout Tower | 66 | 1980 | / | 1320 |
| Arcane Tower | 1 | 70 | / | 50 |
| Guard Tower | 44 | 3080 | / | 2200 |
| Altar of Kings | 1 | 180 | / | 50 |
| Farm | 3 | 240 | / | 60 |
| Lumber Mill | 1 | 120 | / | 0 |
| Town Hall | 1 | 385 | / | 205 |
| Arcane Vault | 1 | 130 | / | 30 |
| Arcane Sanctum | 1 | 150 | / | 140 |
| Keep | 1 | 320 | / | 210 |
| Castle | 1 | 360 | / | 210 |
| total: | 74 | 3185g | / | 1805w |
| 0:01 | Peasant |
| 0:04 | Altar of Kings |
| 0:12 | Peasant |
| 0:17 | Farm |
| 0:23 | Peasant |
| 0:34 | Peasant |
| 0:48 | Lumber Mill |
| 0:49 | Peasant |
| 1:01 | Farm |
| 1:03 | Peasant |
| 1:17 | Peasant |
| 1:29 | Scout Tower |
| 1:30 | Scout Tower |
| 1:40 | Peasant |
| 1:47 | Scout Tower |
| 1:49 | Scout Tower |
| 1:50 | Peasant |
| 1:59 | Improved Masonry |
| 2:08 | Arcane Tower |
| 2:10 | Blizzard |
| 2:25 | Scout Tower |
| 2:26 | Scout Tower |
| 2:26 | Guard Tower |
| 2:32 | Peasant |
| 2:46 | Scout Tower |
| 3:14 | Peasant |
| 3:17 | Guard Tower |
| 3:20 | Scout Tower |
| 3:21 | Scout Tower |
| 3:22 | Scout Tower |
| 3:23 | Scout Tower |
| 3:23 | Scout Tower |
| 3:24 | Scout Tower |
| 4:15 | Guard Tower |
| 4:18 | Peasant |
| 4:43 | Staff of Teleportation |
| 5:33 | Guard Tower |
| 5:34 | Guard Tower |
| 5:48 | Scout Tower |
| 5:48 | Scout Tower |
| 5:49 | Scout Tower |
| 5:51 | Scout Tower |
| 5:59 | Scout Tower |
| 6:00 | Scout Tower |
| 6:05 | Peasant |
| 6:07 | Peasant |
| 6:20 | Guard Tower |
| 6:21 | Guard Tower |
| 6:42 | Brilliance Aura |
| 7:03 | Keep |
| 7:05 | Guard Tower |
| 7:13 | Guard Tower |
| 7:22 | Guard Tower |
| 8:02 | Town Hall |
| 9:01 | Blizzard |
| 10:31 | Castle |
| 10:32 | Advanced Masonry |
| 11:00 | Peasant |
| 11:01 | Peasant |
| 11:01 | Peasant |
| 12:23 | Storm Bolt |
| 13:08 | Imbued Masonry |
| 13:10 | Peasant |
| 13:10 | Peasant |
| 13:30 | Brilliance Aura |
| 13:48 | Arcane Vault |
| 13:51 | Healing Salve |
| 13:54 | Orb of Lightning |
| 14:02 | Scout Tower |
| 14:03 | Scout Tower |
| 14:03 | Scout Tower |
| 14:05 | Scout Tower |
| 14:06 | Scout Tower |
| 14:07 | Scout Tower |
| 14:07 | Scout Tower |
| 14:08 | Scout Tower |
| 14:08 | Scout Tower |
| 14:12 | Holy Light |
| 14:30 | Bash |
| 14:42 | Guard Tower |
| 14:56 | Farm |
| 14:57 | Arcane Sanctum |
| 15:08 | Guard Tower |
| 15:13 | Scout Tower |
| 15:14 | Scout Tower |
| 15:14 | Scout Tower |
| 15:16 | Scout Tower |
| 15:21 | Scout Tower |
| 15:22 | Scout Tower |
| 15:23 | Scout Tower |
| 15:25 | Scout Tower |
| 15:25 | Scout Tower |
| 15:26 | Scout Tower |
| 15:29 | Staff of Sanctuary |
| 15:40 | Improved Lumber Harvesting |
| 15:44 | Guard Tower |
| 16:02 | Boots of Speed |
| 16:02 | Periapt of Vitality |
| 16:03 | Staff of Teleportation |
| 16:14 | Circlet of Nobility |
| 16:15 | Boots of Speed |
| 16:20 | Guard Tower |
| 16:51 | Guard Tower |
| 16:55 | Guard Tower |
| 17:15 | Orb of Lightning |
| 17:24 | Scout Tower |
| 17:25 | Scout Tower |
| 17:25 | Scout Tower |
| 17:27 | Scout Tower |
| 17:27 | Scout Tower |
| 17:28 | Scout Tower |
| 17:29 | Guard Tower |
| 17:37 | Scout Tower |
| 17:40 | Scout Tower |
| 17:41 | Scout Tower |
| 17:44 | Scout Tower |
| 17:44 | Scout Tower |
| 17:45 | Scout Tower |
| 17:50 | Scout Tower |
| 17:50 | Scout Tower |
| 17:51 | Scout Tower |
| 17:52 | Scout Tower |
| 17:52 | Scout Tower |
| 17:53 | Scout Tower |
| 18:01 | Staff of Sanctuary |
| 18:18 | Guard Tower |
| 18:21 | Guard Tower |
| 18:25 | Guard Tower |
| 18:32 | Scout Tower |
| 18:32 | Scout Tower |
| 18:33 | Scout Tower |
| 18:34 | Scout Tower |
| 18:52 | Staff of Teleportation |
| 19:15 | Guard Tower |
| 19:23 | Scout Tower |
| 19:23 | Scout Tower |
| 19:24 | Scout Tower |
| 19:25 | Scout Tower |
| 19:25 | Scout Tower |
| 19:26 | Scout Tower |
| 19:41 | Staff of Sanctuary |
| 19:48 | Guard Tower |
| 20:13 | Guard Tower |
| 20:15 | Magic Sentry |
| 20:16 | Priest |
| 20:44 | Guard Tower |
| 21:02 | Advanced Lumber Harvesting |
| 21:51 | Divine Shield |
| 23:04 | Storm Bolt |
| 24:35 | Holy Light |
| 25:11 | Blizzard |
| 25:43 | Guard Tower |
| 27:26 | Bash |
| 28:39 | Divine Shield |
| Right click | 2156 |
| Select | 980 |
| Select group | 495 |
| Chat | 173 |
| Build/train/purchase | 131 |
| Assign group | 116 |
| Use ability | 83 |
| Minimap ping | 13 |
| Misc. action | 6 |
| Item give/drop | 4 |